 Dungeon Crawl Stone Soup version 0.17.1-2-g5865329 (webtiles) character file.

35 Glider the Insei (level 3, -1/23 HPs)
             Began as an Octopode Transmuter on Jan 29, 2016.
             Slain by a kobold
             ... wielding a +0 short sword
              (7 damage)
             ... on level 2 of the Dungeon.
             The game lasted 00:03:33 (1057 turns).

Glider the Insei (Octopode Transmuter)              Turns: 1057, Time: 00:03:33

Health: -1/23      AC:  1    Str:  9    XL:     3   Next: 33%
Magic:  6/6        EV: 12    Int: 16    God:
Gold:   36         SH:  0    Dex: 12    Spells: 3 memorised, 0 levels left

rFire  . . .     SeeInvis .       - Unarmed
rCold  . . .     Clarity  .     (no shield)
rNeg   . . .     SustAt   .     (helmet restricted)
rPois  .         Gourm    .     (no amulet)
rElec  .         Spirit   .     f - ring of wizardry
rCorr  .         Warding  .     (no ring)
rMut   .         Stasis   .     (no ring)
MR     .....                    (no ring)
Stlth  +++.......               (no ring)
                                (no ring)
                                (no ring)
                                (no ring)

@: not resistant to hostile enchantments, fairly stealthy
A: almost no armour, amphibious, 8 rings, constrict 8, camouflage 1, gelatinous
body 1
a: no special abilities


You were on level 2 of the Dungeon.
You were not hungry.

You visited 1 branch of the dungeon, and saw 2 of its levels.

You collected 36 gold pieces.

Inventory:

Missiles
 a - 12 arrows
Jewellery
 f - a ring of wizardry (left tentacle)
Scrolls
 e - a scroll of identify {unknown}
 g - a scroll of amnesia {unknown}
 l - a scroll of random uselessness {unknown}
 n - a scroll of enchant armour {unknown}
Potions
 d - a potion of curing
 i - a potion of magic {unknown}
 j - a potion of cure mutation
 m - a potion of ambrosia {unknown}
Books
 b - a book of Changes

   Spells                             Type                      Level
   a - Beastly Appendage              Transmutation                1
   b - Sticks to Snakes               Transmutation                2
   c - Spider Form                    Transmutation/Poison         3
   d - Ice Form                       Ice/Transmutation            4
   e - Blade Hands                    Transmutation                5
Comestibles
 c - 2 bread rations
 h - a meat ration
 k - a chunk of flesh


   Skills:
 - Level 1.0 Fighting
 - Level 2.0 Dodging
 * Level 2.6 Stealth
 - Level 3.0 Unarmed Combat
 - Level 2.0 Spellcasting
 * Level 2.9 Transmutations
 * Level 0.5 Poison Magic


You couldn't memorise any spells.
You knew the following spells:

 Your Spells              Type           Power        Failure   Level  Hunger
a - Beastly Appendage     Trmt           ##....       4%          1    #......
b - Sticks to Snakes      Trmt           ##........   4%          2    ###....
c - Spider Form           Trmt/Pois      #.........   14%         3    ###....


Dungeon Overview and Level Annotations

Branches:
Dungeon (2/15)

Altars:


Innate Abilities, Weirdness & Mutations

You cannot wear most types of armour.
You are amphibious.
You can wear up to eight rings at the same time.
You can use your tentacles to constrict eight enemies at once.
Your skin changes colour to match your surroundings (Stealth).
Your rubbery body absorbs attacks (AC +1).


Message History

The worm is heavily wounded.
You constrict the worm. The worm bites you!
You tentacle-slap the worm.
The worm is severely wounded.
You constrict the worm.
The kobold throws a stone.
The stone barely misses you.
Some of the chunks of flesh in your inventory have rotted away.
You tentacle-slap the worm.
You kill the worm!
The kobold throws a stone.
The stone hits you but does no damage. The kobold barely misses you.
You barely miss the kobold. You grab the kobold.
You constrict the kobold, but do no damage.
The kobold hits you with a short sword.
* * * LOW HITPOINT WARNING * * *
You are too injured to fight recklessly!
You are too injured to fight recklessly!
You tentacle-slap the kobold.
The kobold is moderately wounded.
You constrict the kobold. The kobold hits you with a short sword!
You die...

#.##.##.##.
#.#........
#?#..##.##.
######.#.# #.##.
##..%.....###.##.
#...###.......###
###...###########
. #†(.....## #..
#<@......... #..
#.K......... #..
###...##.... #..
#...# ..g. #.
##.## ... #.# ..
># ..


You could see a kobold.

Vanquished Creatures
  An adder (D:2)
  A worm (D:2)
  A giant gecko (D:2)
  2 bats
  3 goblins
  2 hobgoblins (D:1)
  4 kobolds
  A giant cockroach (D:1)
  3 rats (D:1)
18 creatures vanquished.

Notes
Turn   | Place    | Note
--------------------------------------------------------------
     0 | D:1      | Glider the Octopode Transmuter began the quest for the Orb.
     0 | D:1      | Reached XP level 1. HP: 13/13 MP: 3/3
    61 | D:1      | Reached skill level 1 in Stealth
   302 | D:1      | Reached XP level 2. HP: 18/18 MP: 5/5
   306 | D:1      | Learned a level 2 spell: Sticks to Snakes
   683 | D:2      | Reached XP level 3. HP: 6/23 MP: 6/6
  1028 | D:2      | Learned a level 3 spell: Spider Form
  1057 | D:2      | Slain by a kobold

Action                   || total
-------------------------++-------
Melee: Unarmed           ||    54
  Use: Potion            ||     2
 Stab: Sleeping          ||     3
